[Event "Titled Tuesday Blitz November 08 Early 2022"]
[White "Fiedorek, Michal"]
[Black "Aung Thant Zin"]
[WhiteFideId "1199528"]
[BlackFideId "13000063"]
[WhiteElo "2201"]
[BlackElo "2278"]
[Result "0-1"]
[Round "02"]
[TimeControl "180+1"]
[Date "2022.11.09"]
[WhiteClock "0:00:03"]
[BlackClock "0:01:19"]

1. d4 Nf6 2. Nf3 d5 3. Bf4 e6 4. e3 c5 5. c3 Nc6 6. Nbd2 Bd6 7. Bg3 O-O 8. Bd3 Qe7 9. Ne5 Bxe5 10. dxe5 Nd7 11. f4 b6 12. Nf3 g6 13. Bh4 Qe8 14. e4 dxe4 15. Bxe4 Bb7 16. Qd6 Rc8 17. O-O-O Ndb8 18. g4 Na5 19. Bxb7 Nxb7 20. Qd3 c4 21. Qc2 Nc5 22. f5 exf5 23. gxf5 Nd3+ 24. Kb1 Nc6 25. Bf6 Qd7 26. Rhg1 Qxf5 27. Qd2 Ndb4+ 28. Ka1 Rcd8 0-1


[Site "https://www.chess.com"]

[Event "Titled Tuesday Blitz November 08 Early 2022"]
[White "Fier, Alexandr"]
[Black "Golubev, Mikhail"]
[WhiteFideId "2107139"]
[BlackFideId "14100983"]
[WhiteElo "2617"]
[BlackElo "2374"]
[Result "1-0"]
[Round "02"]
[TimeControl "180+1"]
[Date "2022.11.09"]
[WhiteClock "0:01:57"]
[BlackClock "0:00:11"]

1. b3 d6 2. Bb2 Nd7 3. d4 Ngf6 4. Nf3 g6 5. g3 Bg7 6. Bg2 O-O 7. O-O Re8 8. c4 c6 9. Nc3 e5 10. e3 e4 11. Ne1 d5 12. f3 exf3 13. Qxf3 dxc4 14. e4 Nf8 15. Nc2 cxb3 16. axb3 Qb6 17. Na4 Qb5 18. e5 Bg4 19. Qf2 Qxb3 20. exf6 Bh6 21. Ra3 Qb5 22. Bf3 Bxf3 23. Qxf3 Re2 24. Nc3 Qxb2 25. Qxe2 Ne6 26. Rb1 Nxd4 27. Rxb2 Nxe2+ 28. Nxe2 b5 29. Ra6 1-0


[Site "https://www.chess.com"]

[Event "Titled Tuesday Blitz November 08 Early 2022"]
[White "Firouzja, Alireza"]
[Black "Iliaguev, Nisim"]
[WhiteFideId "12573981"]
[BlackFideId "2817276"]
[WhiteElo "2903"]
[BlackElo "2244"]
[Result "1-0"]
[Round "02"]
[TimeControl "180+1"]
[Date "2022.11.08"]
[WhiteClock "0:01:44"]
[BlackClock "0:00:29"]

1. d4 Nf6 2. Bg5 e6 3. e4 h6 4. Bxf6 Qxf6 5. c3 d6 6. Bd3 g6 7. Ne2 Bg7 8. O-O O-O 9. Nd2 c5 10. d5 exd5 11. exd5 Bf5 12. Bxf5 Qxf5 13. Nc4 Qd7 14. a4 Qc7 15. Ng3 f5 16. Re1 Nd7 17. Re6 Ne5 18. Nxe5 dxe5 19. Rxg6 Qf7 20. Re6 Rad8 21. c4 e4 22. Qe2 Kh7 23. Rf1 Bd4 24. Qd2 Bg7 25. Qf4 b6 26. Kh1 Rd7 27. f3 e3 28. Qxe3 f4 29. Qe4+ Kh8 30. Ne2 Rdd8 31. Nc1 Rfe8 32. Nd3 Rxe6 33. dxe6 Qf6 34. e7 Re8 35. Nxf4 Qxb2 36. Qc6 1-0


[Site "https://www.chess.com"]

[Event "Titled Tuesday Blitz November 08 Early 2022"]
[White "Forgacs, Attila Jr."]
[Black "Zaksaite, Salomeja"]
[WhiteFideId "773654"]
[BlackFideId "12801496"]
[WhiteElo "2168"]
[BlackElo "2079"]
[Result "0-1"]
[Round "02"]
[TimeControl "180+1"]
[Date "2022.11.09"]
[WhiteClock "0:00:22"]
[BlackClock "0:00:04"]

1. e4 c5 2. Nf3 e6 3. d4 cxd4 4. Nxd4 Nf6 5. Nc3 Nc6 6. Nxc6 bxc6 7. e5 Nd5 8. Ne4 Qc7 9. f4 Qb6 10. c4 Bb4+ 11. Ke2 f5 12. exf6 Nxf6 13. Nxf6+ gxf6 14. Be3 Bc5 15. Bxc5 Qxc5 16. Qd3 d5 17. cxd5 a5 18. Qc3 Qxc3 19. bxc3 cxd5 20. Rb1 Kd7 21. Ke3 Kc7 22. Bd3 Ba6 23. Rhc1 Bxd3 24. Kxd3 Rab8 25. c4 Rxb1 26. Rxb1 dxc4+ 27. Kxc4 Rd8 28. Kc3 Rd5 29. Re1 Kd6 30. Re2 e5 31. fxe5+ fxe5 32. Rd2 Rxd2 33. Kxd2 a4 34. g4 a3 35. h4 e4 36. Ke3 Ke5 37. h5 h6 38. g5 hxg5 39. h6 Kf6 40. Kxe4 Kg6 41. Kf3 Kxh6 42. Kg4 Kg6 43. Kg3 Kf5 44. Kf3 g4+ 45. Kg3 Kg5 46. Kg2 Kf4 47. Kf2 Ke4 48. Kg3 Kd3 49. Kxg4 Kc2 50. Kf3 Kb2 51. Ke2 Kxa2 52. Kd2 Kb2 53. Kd1 a2 54. Kd2 a1=Q 55. Kd3 Qa3+ 56. Ke4 Qc3 57. Kd5 Kc2 58. Ke6 Kd3 59. Kf7 Ke4 60. Kg6 Qf3 61. Kh7 Qf5+ 62. Kg8 Ke5 63. Kg7 Qg4+ 64. Kf7 Qg5 65. Ke8 Ke6 66. Kf8 Qg4 67. Ke8 Qg8# 0-1


[Site "https://www.chess.com"]

[Event "Titled Tuesday Blitz November 08 Early 2022"]
[White "Gabrielian, Artur"]
[Black "Schrik, Rachid"]
[WhiteFideId "4131002"]
[BlackFideId "1009818"]
[WhiteElo "2432"]
[BlackElo "2098"]
[Result "1-0"]
[Round "02"]
[TimeControl "180+1"]
[Date "2022.11.09"]
[WhiteClock "0:01:04"]
[BlackClock "0:00:03"]

1. e4 c5 2. Nf3 Nc6 3. Bb5 Nf6 4. Nc3 g6 5. O-O Bg7 6. d3 O-O 7. e5 Ng4 8. Bxc6 dxc6 9. Re1 Nh6 10. Ne4 b6 11. Bf4 Nf5 12. Qd2 Nd4 13. Nxd4 cxd4 14. Bh6 Bxe5 15. Bxf8 Qxf8 16. Ng5 Bg7 17. Nf3 Bb7 18. Qg5 Bf6 19. Qf4 c5 20. Ne5 Qd8 21. Ng4 Bg7 22. Nh6+ Bxh6 23. Qxh6 Qd5 24. f3 e5 25. Re2 f5 26. Rae1 Re8 27. Qh4 b5 28. Qg3 e4 29. fxe4 fxe4 30. Rxe4 Rxe4 31. Rxe4 Qd7 32. Qb8+ Kg7 33. Qe5+ Kg8 34. Rf4 Qc6 35. Qb8+ Bc8 36. Qxa7 Qe6 37. Qxc5 Qe3+ 38. Rf2 Qe1+ 39. Rf1 Qe3+ 40. Kh1 Bf5 41. Qd5+ Kg7 42. Qf3 Qd2 43. Qf2 Qg5 44. Qxd4+ Kh6 45. Qf4 1-0


[Site "https://www.chess.com"]

[Event "Titled Tuesday Blitz November 08 Early 2022"]
[White "Galperin, Platon"]
[Black "Horobetz, Graham"]
[WhiteFideId "14165414"]
[BlackFideId "2047322"]
[WhiteElo "2435"]
[BlackElo "2599"]
[Result "1-0"]
[Round "02"]
[TimeControl "180+1"]
[Date "2022.11.09"]
[WhiteClock "0:00:49"]
[BlackClock "0:00:53"]

1. d4 Nf6 2. c4 g6 3. Nc3 Bg7 4. e4 d6 5. Nge2 O-O 6. Ng3 c5 7. d5 e6 8. Be2 exd5 9. cxd5 h5 10. Bg5 a6 11. a4 Qe8 12. O-O Nh7 13. Bf4 Qe7 14. Qd2 Nd7 15. f3 Ne5 16. Nh1 f5 17. exf5 Bxf5 18. Nf2 Rae8 19. Rfe1 Nf6 20. Bg5 Qf7 21. a5 Nh7 22. Be3 Kh8 23. Nfe4 Qc7 24. Ra4 Bd7 25. Raa1 Rf5 26. Rac1 Qb8 27. b4 cxb4 28. Na2 b3 29. Nb4 Bb5 30. Bb6 Nf7 31. Rb1 b2 32. Rxb2 Bd3 33. Nxd3 1-0


[Site "https://www.chess.com"]

[Event "Titled Tuesday Blitz November 08 Early 2022"]
[White "Garagulya, Konstantin"]
[Black "Dahlgren, James Allen"]
[WhiteFideId "4128931"]
[BlackFideId "22256873"]
[WhiteElo "2329"]
[BlackElo "2183"]
[Result "0-1"]
[Round "02"]
[TimeControl "180+1"]
[Date "2022.11.09"]
[WhiteClock "0:00:32"]
[BlackClock "0:01:02"]

1. d4 e6 2. Nf3 c5 3. e3 Nf6 4. Bd3 Nc6 5. O-O d5 6. c3 Bd6 7. dxc5 Bxc5 8. Nbd2 O-O 9. e4 dxe4 10. Nxe4 Nxe4 11. Bxe4 Bd7 12. Qc2 f5 13. Bd3 h6 14. Re1 Qf6 15. Bf4 Rfe8 16. Ne5 Rad8 17. Rad1 g5 18. Nxd7 Rxd7 19. Bc1 Ne5 20. Bb5 Rxd1 21. Qxd1 Rd8 22. Qe2 Ng4 23. Rf1 Qe5 24. h3 Qh2# 0-1


[Site "https://www.chess.com"]

[Event "Titled Tuesday Blitz November 08 Early 2022"]
[White "Gareyev, Timur"]
[Black "Przybylski, Wojciech"]
[WhiteFideId "14200937"]
[BlackFideId "1117599"]
[WhiteElo "2552"]
[BlackElo "2221"]
[Result "1-0"]
[Round "02"]
[TimeControl "180+1"]
[Date "2022.11.09"]
[WhiteClock "0:00:07"]
[BlackClock "0:00:01"]

1. d4 Nf6 2. c4 e6 3. Nc3 Bb4 4. e3 O-O 5. Ne2 d5 6. a3 Bd6 7. Ng3 b6 8. e4 dxe4 9. Ngxe4 Nxe4 10. Nxe4 Be7 11. Be2 Bb7 12. Bf3 Qc8 13. O-O Nd7 14. b4 Nf6 15. Nc3 Rd8 16. Be3 c5 17. bxc5 bxc5 18. d5 Ba6 19. Qa4 Rb8 20. Rfd1 exd5 21. Nxd5 Nxd5 22. Bxd5 Rb6 23. h3 Rg6 24. Be4 Rgd6 25. Rxd6 Rxd6 26. Rb1 g6 27. Bd5 Rb6 28. Re1 Kg7 29. Qa5 Bd6 30. Qc3+ Kg8 31. Bh6 Bf8 32. Qf3 Qd7 33. Bf4 Rf6 34. Qe3 Bc8 35. Be5 Rf5 36. g4 Rxe5 37. Qxe5 h5 38. f3 hxg4 39. hxg4 Bd6 40. Qe8+ Kg7 41. Qxd7 Bxd7 42. Rd1 Bf4 43. Kg2 Ba4 44. Re1 Kf6 45. Re4 Bd6 46. f4 Bd7 47. g5+ Kg7 48. Kf3 Kf8 49. Re1 Ba4 50. Rb1 Bc7 51. Rb7 1-0


[Site "https://www.chess.com"]

[Event "Titled Tuesday Blitz November 08 Early 2022"]
[White "Ginzburg, Yakov"]
[Black "Bernat, David"]
[WhiteFideId "4157176"]
[BlackFideId "2099225"]
[WhiteElo "2305"]
[BlackElo "2322"]
[Result "1-0"]
[Round "02"]
[TimeControl "180+1"]
[Date "2022.11.09"]
[WhiteClock "0:00:26"]
[BlackClock "0:00:01"]

1. e4 c5 2. Nf3 g6 3. c3 Bg7 4. d4 cxd4 5. cxd4 d5 6. e5 a6 7. Nc3 Bg4 8. h3 Bxf3 9. Qxf3 Nc6 10. Be3 e6 11. Bd3 Qb6 12. O-O-O Rc8 13. Kb1 Nge7 14. g4 O-O 15. h4 Nb4 16. Ka1 Nec6 17. h5 Nxd3 18. Rxd3 Nb4 19. Rd2 f6 20. hxg6 fxe5 21. Qh3 hxg6 22. Qh7+ Kf7 23. Rh6 Rg8 24. Qxg6+ Kf8 25. Rh7 Qc7 26. Bh6 Qf7 27. Rxg7 Rxg7 28. Bxg7+ Qxg7 29. Qxe6 Re8 30. Qf5+ Qf7 31. a3 Qxf5 32. gxf5 exd4 33. axb4 dxc3 34. bxc3 Re5 35. Kb2 Rxf5 36. Kb3 b5 37. Re2 Kf7 38. Kc2 Kf6 39. Kd3 Rf3+ 40. Kd4 Kf7 41. Ra2 Ke7 42. Rxa6 Rxf2 43. Kxd5 Kd7 44. Ra7+ Kc8 45. Kc6 Kb8 46. Rb7+ Kc8 47. Rxb5 Rf6+ 48. Kc5 Kc7 49. Ra5 Rf5+ 50. Kc4 Rf4+ 51. Kb3 Kb6 52. Rg5 Rf1 53. Rg6+ Kb7 54. b5 Rf3 55. Kb4 Rf5 56. c4 Kc7 57. Rg7+ Kb8 58. b6 Rf1 59. c5 Rb1+ 60. Kc4 Rc1+ 61. Kb5 Rd1 62. Rg8+ Kb7 63. c6# 1-0


[Site "https://www.chess.com"]

[Event "Titled Tuesday Blitz November 08 Early 2022"]
[White "Gireman, Ja"]
[Black "Prohorov, Olexandr"]
[WhiteFideId "5043794"]
[BlackFideId "14105578"]
[WhiteElo "2153"]
[BlackElo "1993"]
[Result "1-0"]
[Round "02"]
[TimeControl "180+1"]
[Date "2022.11.09"]
[WhiteClock "0:00:36"]
[BlackClock "0:00:01"]

1. e4 c5 2. Nf3 e6 3. d4 cxd4 4. Nxd4 Qb6 5. Nc3 Bc5 6. Na4 Qa5+ 7. c3 Bxd4 8. Qxd4 Nf6 9. f3 Nc6 10. Qd1 d5 11. b4 Qc7 12. exd5 Nxd5 13. Bd3 O-O 14. O-O Ne5 15. Bb2 Nxd3 16. Qxd3 b6 17. c4 Nf4 18. Qc2 Bd7 19. Kh1 Bxa4 20. Qxa4 Qxc4 21. Rfc1 Qe2 22. Rc2 Qe3 23. Qc6 Rad8 24. Rg1 Rd2 25. Rxd2 Qxd2 26. Bc1 Qd4 27. Bxf4 Qxf4 28. a3 Rd8 29. Qb7 Qb8 30. Qxb8 Rxb8 31. Rc1 Rd8 32. h3 h5 33. Rc7 Ra8 34. Rb7 g6 35. a4 Kg7 36. a5 bxa5 37. bxa5 a6 38. Kg1 Kf6 39. Kf2 e5 40. Rb6+ Kf5 41. Ke3 f6 42. g4+ hxg4 43. hxg4+ Kg5 44. Ke4 Ra7 45. Rd6 Ra8 46. Kd5 Ra7 47. Kc6 Ra8 48. Kb7 f5 49. Kxa8 1-0


[Site "https://www.chess.com"]

[Event "Titled Tuesday Blitz November 08 Early 2022"]
[White "Goh, Zi Han"]
[Black "Hajiyev, Kanan"]
[WhiteFideId "5819156"]
[BlackFideId "13404148"]
[WhiteElo "2026"]
[BlackElo "2118"]
[Result "0-1"]
[Round "02"]
[TimeControl "180+1"]
[Date "2022.11.09"]
[WhiteClock "0:00:20"]
[BlackClock "0:01:51"]

1. d4 d5 2. c4 c6 3. Nc3 Nf6 4. Nf3 g6 5. Bg5 Ne4 6. Bd2 Nxd2 7. Qxd2 Bg7 8. e3 O-O 9. Bd3 Bg4 10. O-O Bxf3 11. gxf3 e5 12. cxd5 exd4 13. exd4 cxd5 14. Bb5 a6 15. Ba4 Nc6 16. Bxc6 bxc6 17. Rad1 Qh4 18. Rfe1 Bh6 19. Qd3 Bf4 20. Ne2 Qxh2+ 21. Kf1 Qh3+ 0-1


[Site "https://www.chess.com"]

[Event "Titled Tuesday Blitz November 08 Early 2022"]
[White "Gokerkan, Cem Kaan"]
[Black "Pinheiro, Iung Alicio de O."]
[WhiteFideId "6336760"]
[BlackFideId "2104350"]
[WhiteElo "2365"]
[BlackElo "2283"]
[Result "1-0"]
[Round "02"]
[TimeControl "180+1"]
[Date "2022.11.09"]
[WhiteClock "0:00:16"]
[BlackClock "0:00:10"]

1. e4 c5 2. c3 Nf6 3. e5 Nd5 4. d4 cxd4 5. Bc4 Nb6 6. Bb3 Nc6 7. cxd4 d5 8. Bc2 Be6 9. Nc3 Qd7 10. Nge2 Bf5 11. Bxf5 Qxf5 12. O-O Qd7 13. Nf4 e6 14. Nh5 O-O-O 15. a4 Kb8 16. a5 Na8 17. a6 b6 18. Be3 Nc7 19. Qa4 Nb4 20. Qb3 Rg8 21. Rfc1 Be7 22. Bd2 Ka8 23. Na4 Ncxa6 24. Bxb4 Bxb4 25. Nxb6+ axb6 26. Qxb4 Kb7 27. Qd2 Qb5 28. Qf4 Rd7 29. Rc2 Rc7 30. Rxc7+ Nxc7 31. Qxf7 Rc8 32. Nxg7 Qxb2 33. Rf1 Qxd4 34. Nxe6 Qxe5 35. Nf4 Qd6 36. g3 d4 37. Rd1 Rd8 38. Qxh7 Kb8 39. h4 Nb5 40. h5 Nc3 41. Rd3 Qe5 42. Qg6 Ne2+ 43. Nxe2 Qxe2 44. Qxb6+ Kc8 45. Qc6+ Kb8 46. Rb3+ Ka7 47. Qb7# 1-0


[Site "https://www.chess.com"]

[Event "Titled Tuesday Blitz November 08 Early 2022"]
[White "Goldin, Alexander"]
[Black "Kosakowski, Jakub"]
[WhiteFideId "2019540"]
[BlackFideId "1185080"]
[WhiteElo "2599"]
[BlackElo "2463"]
[Result "1-0"]
[Round "02"]
[TimeControl "180+1"]
[Date "2022.11.09"]
[WhiteClock "0:00:30"]
[BlackClock "0:00:11"]

1. Nf3 Nf6 2. g3 b6 3. Bg2 Bb7 4. O-O d5 5. d4 e6 6. c4 Be7 7. Nc3 O-O 8. cxd5 exd5 9. Bf4 a6 10. Rc1 c5 11. Ne5 Nc6 12. dxc5 Nxe5 13. Bxe5 Bxc5 14. Bxf6 Qxf6 15. Bxd5 Rad8 16. e4 Bxd5 17. exd5 Rfe8 18. Qd3 h5 19. Rcd1 h4 20. a3 Qh6 21. b4 Bf8 22. Qxa6 hxg3 23. hxg3 Qh3 24. Qd3 Rd6 25. Qf3 Rh6 26. Qg2 Qc8 27. Ne4 Qc2 28. Rfe1 Rd8 29. Qf3 b5 30. Kg2 Qa2 31. Ng5 Rf6 32. Qe2 Qxa3 33. Qh5 Rh6 34. Qxf7+ Kh8 35. Re8 Rxe8 36. Qxe8 Qxb4 37. d6 Rf6 38. d7 Qc5 39. Qh5+ Rh6 40. Qxh6+ gxh6 41. d8=Q hxg5 42. Qf6+ Kg8 43. Qg6+ 1-0


[Site "https://www.chess.com"]

[Event "Titled Tuesday Blitz November 08 Early 2022"]
[White "Goldin, Roman"]
[Black "Jumabayev, Rinat"]
[WhiteFideId "2803860"]
[BlackFideId "13702661"]
[WhiteElo "2312"]
[BlackElo "2561"]
[Result "0-1"]
[Round "02"]
[TimeControl "180+1"]
[Date "2022.11.09"]
[WhiteClock "0:00:35"]
[BlackClock "0:02:11"]

1. e4 e6 2. d4 d5 3. Nd2 c5 4. Ngf3 cxd4 5. exd5 Qxd5 6. Bc4 Qd6 7. O-O Nf6 8. Nb3 Nc6 9. Nbxd4 Nxd4 10. Nxd4 a6 11. c3 Qc7 12. Bb3 Bd6 13. h3 Bd7 14. Bg5 O-O-O 15. Qf3 Bh2+ 16. Kh1 Be5 17. Rad1 h6 18. Bh4 Kb8 19. Rfe1 Ka8 20. Bg3 Bxg3 21. fxg3 Bc8 22. g4 h5 23. g5 Ng4 24. g3 e5 25. Kg1 exd4 26. hxg4 Bxg4 27. Qxf7 Qxf7 28. Bxf7 Bxd1 29. Rxd1 dxc3 30. Rxd8+ Rxd8 31. bxc3 Rd3 0-1


[Site "https://www.chess.com"]

[Event "Titled Tuesday Blitz November 08 Early 2022"]
[White "Goltseva, Ekaterina"]
[Black "Samunenkov, Ihor"]
[WhiteFideId "24173770"]
[BlackFideId "14187086"]
[WhiteElo "2200"]
[BlackElo "2441"]
[Result "0-1"]
[Round "02"]
[TimeControl "180+1"]
[Date "2022.11.09"]
[WhiteClock "0:00:03"]
[BlackClock "0:00:07"]

1. d4 d5 2. c4 e6 3. Nf3 a6 4. g3 dxc4 5. Bg2 b5 6. Ne5 c6 7. O-O Bb7 8. a4 Nf6 9. b3 cxb3 10. Qxb3 Qxd4 11. Bb2 Qb4 12. Qc2 Qc5 13. Qd3 Be7 14. Nd2 O-O 15. Rfc1 Qd6 16. Qxd6 Bxd6 17. Nxc6 Nxc6 18. Bxc6 Bxc6 19. Rxc6 Bb4 20. Nf3 bxa4 21. Rxa4 a5 22. Bxf6 gxf6 23. Nd4 Rfd8 24. Rc4 Rdc8 25. Rxc8+ Rxc8 26. Ra2 Kf8 27. Nb3 Ra8 28. Ra4 Ke7 29. Nc1 Kd6 30. Nd3 Rb8 31. Kg2 Kc6 32. Ra2 Kb5 33. Kf3 Bc3 34. Ra3 Rc8 35. Ke3 a4 36. f4 Bb4 37. Ra2 a3 38. Kf2 Ka4 39. Ra1 Rc2 40. Rb1 Ba5 41. Nc5+ Rxc5 42. Ke3 a2 43. Ra1 Kb3 44. Kd4 Bc3+ 45. Kxc5 Bxa1 0-1


[Site "https://www.chess.com"]

[Event "Titled Tuesday Blitz November 08 Early 2022"]
[White "Goryachkina, Aleksandra"]
[Black "Paravyan, David"]
[WhiteFideId "4147103"]
[BlackFideId "4194985"]
[WhiteElo "2484"]
[BlackElo "2546"]
[Result "0-1"]
[Round "02"]
[TimeControl "180+1"]
[Date "2022.11.08"]
[WhiteClock "0:00:01"]
[BlackClock "0:00:04"]

1. e4 e5 2. Nf3 Nf6 3. Nxe5 d6 4. Nf3 Nxe4 5. Nc3 Nxc3 6. dxc3 Be7 7. Be3 O-O 8. Qd2 Nd7 9. O-O-O c6 10. h4 d5 11. h5 h6 12. Kb1 Bc5 13. Bxc5 Nxc5 14. Nd4 Ne4 15. Qe1 c5 16. Nb3 Qb6 17. f3 Nf6 18. g4 Be6 19. g5 hxg5 20. h6 g6 21. Qe5 Bf5 22. Nxc5 Rfe8 23. Qd4 Rac8 24. b4 Rxc5 25. Qxc5 Qxc5 26. bxc5 Rc8 27. Bd3 Bxd3 28. cxd3 Rxc5 29. Kb2 Kh7 30. Rde1 d4 31. cxd4 Rf5 32. Re7 Nh5 33. Rxb7 Rxf3 34. Kc2 g4 35. d5 Ng3 36. Rg1 Nf5 37. Rxf7+ Kxh6 38. Kb3 Rxd3+ 39. Kc4 Rd2 40. Rxa7 Ne3+ 41. Kc3 Rxd5 42. Re1 Nf5 43. a4 g3 44. a5 g2 45. Rg1 Ne3 46. a6 Rd1 47. Rxg2 Nxg2 48. Rb7 Ra1 49. a7 Nf4 50. Kc4 g5 51. Kb5 Kh5 52. Kb6 Nd5+ 53. Kc6 Ra5 54. Rd7 Kh4 55. Rh7+ Kg3 56. Rg7 g4 0-1


[Site "https://www.chess.com"]

[Event "Titled Tuesday Blitz November 08 Early 2022"]
[White "Gracia Alvarez, Gerardo Antonio"]
[Black "Sala, Giulia"]
[WhiteFideId "5109124"]
[BlackFideId "2840451"]
[WhiteElo "2139"]
[BlackElo "1769"]
[Result "0-1"]
[Round "02"]
[TimeControl "180+1"]
[Date "2022.11.09"]
[WhiteClock "0:00:01"]
[BlackClock "0:00:08"]

1. d4 b6 2. e4 Bb7 3. Bd3 e6 4. Nf3 c5 5. d5 exd5 6. exd5 Bxd5 7. Nc3 Bb7 8. Bf4 Nf6 9. Nb5 d6 10. Bc4 Qe7+ 11. Kf1 Ne4 12. Ng5 Na6 13. Nxf7 Qxf7 14. Bxf7+ Kxf7 15. Qd3 Nb4 16. Qh3 Be7 17. c4 a6 18. Nc3 Nf6 19. Rd1 Rad8 20. f3 Rhe8 21. Kf2 Bc8 22. g4 h5 23. Rhg1 hxg4 24. fxg4 Rh8 25. Qf3 Nc2 26. g5 Nd4 27. Qg3 Rh3 28. Qg2 Nh5 29. Bg3 Kg8 30. Ke1 Rf8 31. Qd5+ Kh8 32. Ne4 Nf3+ 33. Ke2 Nxg1+ 34. Rxg1 Bg4+ 35. Kd2 Nxg3 36. hxg3 Rh2+ 37. Kc3 Rf3+ 38. Qd3 Rxd3+ 39. Kxd3 Rxb2 40. Nc3 Bf5+ 41. Ke3 Bxg5+ 42. Kf3 Rc2 43. Nd5 Rxc4 44. g4 Be4+ 0-1


[Site "https://www.chess.com"]

[Event "Titled Tuesday Blitz November 08 Early 2022"]
[White "Grandelius, Nils"]
[Black "Taboas Rodriguez, Daniel"]
[WhiteFideId "1710400"]
[BlackFideId "2208466"]
[WhiteElo "2617"]
[BlackElo "2329"]
[Result "1-0"]
[Round "02"]
[TimeControl "180+1"]
[Date "2022.11.08"]
[WhiteClock "0:00:12"]
[BlackClock "0:00:20"]

1. Nf3 Nf6 2. g3 b6 3. Bg2 Bb7 4. O-O g6 5. d3 Bg7 6. e4 O-O 7. e5 Nd5 8. c4 Nb4 9. a3 N4c6 10. d4 d6 11. e6 f6 12. Nc3 a5 13. d5 Ne5 14. Nd4 f5 15. b3 Na6 16. Re1 Nc5 17. Bf1 a4 18. b4 Nb3 19. Nxb3 axb3 20. Bb2 c6 21. Be2 cxd5 22. cxd5 Rc8 23. Qxb3 f4 24. Ne4 h6 25. Rad1 Rc7 26. Bd4 Rc8 27. a4 Rf5 28. Bxe5 Rxe5 29. Bf3 Qc7 30. Kg2 fxg3 31. hxg3 Rf8 32. Re3 Qb8 33. Nd2 Ref5 34. Rf1 Qa8 35. Qd3 g5 36. Be4 R5f6 37. Nc4 Qxa4 38. Nxb6 Qxb4 39. Nd7 Qa4 40. Nxf8 Bxf8 41. Rb1 Ba6 42. Qb3 Qa5 43. Rf3 Rxf3 44. Qxf3 1-0


[Site "https://www.chess.com"]

[Event "Titled Tuesday Blitz November 08 Early 2022"]
[White "Gritsenko, Nikolai"]
[Black "Nakamura, Hikaru"]
[WhiteFideId "14112493"]
[BlackFideId "2016192"]
[WhiteElo "2389"]
[BlackElo "2909"]
[Result "0-1"]
[Round "02"]
[TimeControl "180+1"]
[Date "2022.11.08"]
[WhiteClock "0:00:19"]
[BlackClock "0:01:43"]

1. e4 g6 2. d4 Bg7 3. Nc3 a6 4. f4 c6 5. a4 d5 6. e5 h5 7. Nf3 Bg4 8. h3 Bxf3 9. Qxf3 e6 10. g3 Nd7 11. Bd3 c5 12. Be3 Rc8 13. a5 cxd4 14. Bxd4 Ne7 15. Ne2 Nc6 16. Bc3 h4 17. g4 g5 18. O-O-O gxf4 19. Nxf4 Ncxe5 20. Nxe6 fxe6 21. Bg6+ Nxg6 22. Bxg7 Qg5+ 23. Kb1 Nge5 24. Bxe5 Nxe5 25. Qb3 O-O 26. Rhe1 Nc4 27. Rxe6 Nd2+ 28. Rxd2 Qxd2 29. Qb6 Qxc2+ 0-1


[Site "https://www.chess.com"]

[Event "Titled Tuesday Blitz November 08 Early 2022"]
[White "Gronnestad, Anita"]
[Black "Rottenwohrer Suarez, Juan"]
[WhiteFideId "1502972"]
[BlackFideId "32068182"]
[WhiteElo "1939"]
[BlackElo "2195"]
[Result "0-1"]
[Round "02"]
[TimeControl "180+1"]
[Date "2022.11.09"]
[WhiteClock "0:00:21"]
[BlackClock "0:01:12"]

1. d4 d5 2. c4 e6 3. Nf3 Nf6 4. Nc3 Be7 5. Bg5 O-O 6. e3 h6 7. Bf4 c5 8. dxc5 Bxc5 9. cxd5 Nxd5 10. Nxd5 exd5 11. Bd3 Bb4+ 12. Nd2 d4 13. e4 Nc6 14. O-O Be6 15. Nc4 Re8 16. a3 Bf8 17. Rc1 a5 18. Qf3 a4 19. Qg3 Kh8 20. Bd6 Qg5 21. Bxf8 Qxg3 22. fxg3 Rxf8 23. Nd6 Na5 24. Rc7 Kg8 25. Nxb7 Nxb7 26. Rxb7 Rfb8 27. Rxb8+ Rxb8 28. Rf2 Rb3 29. Rd2 g5 30. e5 Kf8 31. Kf2 Ke7 32. h3 Bd5 33. Ke1 Rb6 34. Bf5 Bc6 35. Rxd4 Rxb2 36. Rd2 Rxd2 37. Kxd2 Bxg2 38. Bc2 Ke6 39. Bxa4 Kxe5 40. Bd7 f5 41. Ke3 Bxh3 42. a4 f4+ 43. gxf4+ gxf4+ 44. Kf3 Bxd7 45. a5 Bb5 46. a6 Bxa6 0-1


[Site "https://www.chess.com"]

[Event "Titled Tuesday Blitz November 08 Early 2022"]
[White "Guimaraes, Wagner Peixoto"]
[Black "Maksimovic, Bojan"]
[WhiteFideId "2100940"]
[BlackFideId "14408120"]
[WhiteElo "2231"]
[BlackElo "2447"]
[Result "0-1"]
[Round "02"]
[TimeControl "180+1"]
[Date "2022.11.09"]
[WhiteClock "0:00:35"]
[BlackClock "0:02:17"]

1. e4 d6 2. d4 Nf6 3. Nc3 e5 4. Nf3 Nbd7 5. Bc4 Be7 6. O-O O-O 7. Qe2 c6 8. a4 b6 9. h3 a6 10. Be3 Bb7 11. Nh4 Re8 12. Qd2 Qc7 13. Ba2 Nxe4 14. Nxe4 Bxh4 15. dxe5 dxe5 16. Nd6 Rf8 17. Rad1 Rad8 18. Qb4 Be7 19. c4 c5 20. Qd2 Nf6 0-1


[Site "https://www.chess.com"]

[Event "Titled Tuesday Blitz November 08 Early 2022"]
[White "Gulevich, Artem"]
[Black "Yuan, Qingyu"]
[WhiteFideId "24119580"]
[BlackFideId "8609772"]
[WhiteElo "2218"]
[BlackElo "2359"]
[Result "1/2-1/2"]
[Round "02"]
[TimeControl "180+1"]
[Date "2022.11.09"]
[WhiteClock "0:00:18"]
[BlackClock "0:00:02"]

1. Nf3 d5 2. b3 c5 3. Bb2 f6 4. d4 cxd4 5. Nxd4 e5 6. Nf3 Be6 7. e3 Nc6 8. Be2 Bd6 9. Nbd2 Nge7 10. O-O O-O 11. c4 Rc8 12. Rc1 Kh8 13. a3 a5 14. cxd5 Nxd5 15. Ne4 Be7 16. Nc5 Bxc5 17. Rxc5 Qd6 18. Qc2 Nce7 19. Rc1 b6 20. Rxc8 Rxc8 21. Qb1 Rxc1+ 22. Qxc1 g6 23. Nd2 Kg7 24. h4 Qc6 25. Qxc6 Nxc6 26. Kf1 Nde7 27. g3 Kf7 28. Ke1 Nc8 29. Bb5 N6a7 30. Bd3 Nd6 31. b4 a4 32. Bc2 b5 33. Bd3 Bd5 34. f4 Ke6 35. Kf2 Bc4 36. Nxc4 Nxc4 37. Bc1 Nd6 38. h5 e4 39. hxg6 exd3 40. gxh7 Nf7 41. Ke1 Kf5 42. Kd2 Kg6 43. Kxd3 Nc6 44. Ke4 Kxh7 45. Kd5 Ne7+ 46. Kc5 Kg6 47. Kxb5 Kf5 48. Kxa4 Ke4 49. g4 Nd6 50. Bb2 Nd5 51. Ka5 Nc4+ 52. Ka6 Nxb2 53. b5 Na4 54. g5 fxg5 55. fxg5 Kf5 56. b6 Ndxb6 57. Kb5 Kxg5 58. Kc6 Kf6 59. Kd6 Kf5 60. e4+ Kxe4 61. Ke6 Nd5 62. Kd6 Kd4 63. Ke6 Kc5 64. Ke5 Ndc3 65. Ke6 Nb5 66. Ke5 Nd6 67. Ke6 Kc6 68. Ke5 Nb5 69. Ke6 Kc5 70. Ke5 Kc4 71. Ke4 Nc5+ 72. Ke5 Nd3+ 73. Ke4 Nd6+ 74. Ke3 Nf5+ 75. Ke4 Nd6+ 76. Ke3 Kc3 77. a4 Nc4+ 78. Ke4 Na5 79. Kd5 Kb4 80. Kd4 Nc5 81. Kd5 Na6 82. Kd4 Nb3+ 83. Kd5 Ka5 84. Kc4 Nbc5 85. Kd5 Nb7 86. Kc6 Nac5 87. Kd5 Kb4 88. Kd4 Na5 89. Kd5 Nd3 90. Kd4 Nb2 91. Kd5 Nbc4 92. Kd4 Nb6 93. Ke5 Kc5 94. Ke6 Nd5 95. Ke5 Nc4+ 96. Ke4 Nc3+ 97. Kf5 Kd5 98. a5 Nd6+ 99. Kf6 Nce4+ 100. Ke7 Nf5+ 101. Kd7 Nc5+ 102. Kc7 Nd6 103. a6 Nb5+ 104. Kd8 Kd6 105. a7 Ne6+ 106. Kc8 Nxa7+ 1/2-1/2


[Site "https://www.chess.com"]

[Event "Titled Tuesday Blitz November 08 Early 2022"]
[White "Guliev, Logman"]
[Black "Fernandez Hernandez, Gerardo"]
[WhiteFideId "13400061"]
[BlackFideId "2207400"]
[WhiteElo "2161"]
[BlackElo "2241"]
[Result "1-0"]
[Round "02"]
[TimeControl "180+1"]
[Date "2022.11.09"]
[WhiteClock "0:00:37"]
[BlackClock "0:00:11"]

1. d4 Nf6 2. c4 c5 3. d5 b5 4. cxb5 a6 5. bxa6 g6 6. g3 Bg7 7. Bg2 d6 8. Nf3 O-O 9. O-O Bxa6 10. Nfd2 Nbd7 11. Qc2 Bxe2 12. Re1 Ba6 13. Nc4 Re8 14. Bd2 Nb6 15. Na5 Nfxd5 16. Nc3 Nb4 17. Qd1 Ra7 18. a3 Nd3 19. Nc6 Qc7 20. Nxa7 Nxe1 21. Bxe1 Qxa7 22. Rc1 Bb7 23. Nb5 Qb8 24. Bf1 Bxb2 25. Rb1 Bf6 26. Ba5 Be4 27. Nxd6 Qxd6 28. Qxd6 exd6 29. Rxb6 Bf3 30. Rxd6 Re1 31. Bxe1 1-0


[Site "https://www.chess.com"]